 Dungeon Crawl Stone Soup version 0.20.1-1-g8b1a95d (console) character file.

42827 hilaritas the Blocker (level 13, -12/113 HPs)
             Began as a Demigod Fighter on Aug 6, 2017.
             Drowned by a drowned soul (14 damage)
             ... summoned by a merfolk avatar
             ... on level 6 of the Lair of Beasts.
             The game lasted 00:52:49 (20146 turns).

hilaritas the Blocker (Demigod Fighter)            Turns: 20146, Time: 00:52:50

Health: -12/113    AC: 17    Str: 25    XL:     13   Next: 50%
Magic:  0/16       EV:  7    Int: 15    God:
Gold:   533        SH: 15    Dex: 15    Spells: 10/12 levels left

rFire    . . .     SeeInvis +   m - +5 mace "Codess" {drain, rPois Int+3}
rCold    . . .     Gourm    +   c - +1 shield
rNeg     . . .     Faith    .   b - +0 plate armour
rPois    +         Spirit   +   (helmet restricted)
rElec    .         Reflect  .   i - scarf {Spirit}
rCorr    .         Harm     .   v - +0 pair of gloves
MR       ++...                  e - +0 pair of boots
Stlth    ..........             U - amulet of the gourmand
Regen    0.3/turn               K - ring of protection from magic
MPRegen  0.2/turn               Z - ring of see invisible

@: mesmerised, very slow
A: horns 1, high mp 1, weak 1
a: no special abilities


You were on level 6 of the Lair of Beasts.
You were very full.

You visited 2 branches of the dungeon, and saw 17 of its levels.
You also visited: Sewer.

You collected 1185 gold pieces.
You spent 652 gold pieces at shops.

Inventory:

Hand Weapons
 m - the +5 mace "Codess" (weapon) {drain, rPois Int+3}
   (You found it on level 2 of the Lair of Beasts)

   A truly terrible weapon, it drains the life of those it strikes.
   It affects your intelligence (+3).
   It protects you from poison.
 F - a +6 flail of protection
Missiles
 S - 8 javelins (quivered)
Armour
 b - a +0 plate armour (worn)
 c - a +1 shield (worn)
 e - a +0 pair of boots (worn)
 i - a scarf of spirit shield (worn)
 v - a +0 pair of gloves (worn)
 Y - the +5 helmet of the Realm of Zot {rElec rN++ Dex-5}
   (You found it on level 3 of the Lair of Beasts)

   It affects your dexterity (-5).
   It insulates you from electricity.
   It greatly protects you from negative energy.
Jewellery
 g - an uncursed ring of protection from magic
 n - an uncursed ring of ice
 A - an uncursed ring of poison resistance
 C - an uncursed amulet of magic regeneration
 K - a ring of protection from magic (left hand)
 U - an amulet of the gourmand (around neck)
 Z - a ring of see invisible (right hand)
Wands
 u - a wand of iceblast (5/15)
 y - a wand of lightning (15/15)
 B - a wand of disintegration (11/24)
 O - a wand of acid (9/15)
 R - a wand of digging (17/24)
 V - a wand of flame (20/48)
Scrolls
 d - 2 scrolls of enchant armour
 h - 6 scrolls of teleportation
 k - 8 scrolls of recharging
 w - 5 scrolls of identify
 z - 7 scrolls of fog
 G - 3 scrolls of magic mapping
 J - 3 scrolls of blinking
 M - 3 scrolls of remove curse
 N - a scroll of enchant weapon
Potions
 a - 3 potions of magic
 j - 2 potions of haste
 q - 3 potions of agility
 t - 2 potions of invisibility
 x - 10 potions of curing
 D - a potion of flight
 E - a potion of brilliance
 I - a potion of berserk rage
 P - 2 potions of might
 Q - 5 potions of heal wounds
 W - 3 potions of cancellation
 X - 4 potions of ambrosia
Miscellaneous
 T - a box of beasts
Comestibles
 f - 13 bread rations
 o - 12 meat rations
 p - 3 royal jellies
 r - 11 fruits


   Skills:
 - Level 10.0 Fighting
 - Level 10.0 Maces & Flails
 - Level 10.0 Armour
 + Level 14.8 Shields


You had 10 spell levels left.
You knew the following spells:

 Your Spells              Type           Power        Failure   Level  Hunger
a - Blink                 Tloc           N/A          99%         2    ###....


Dungeon Overview and Level Annotations

Branches:
Dungeon (11/15)            Temple (0/1) D:6            Lair (6/6) D:11
  Swamp (0/4) Lair:2       Spider (0/4) Lair:3        Slime (0/5) Lair:5
    Orc (0/2) D:9

Shops:
D:9 =   D:11 *=?}

Annotations:
D:8 exclusion: ice statue
Lair:4 exclusion: oklob plant


Innate Abilities, Weirdness & Mutations

You have an increased reservoir of magic. (+10% MP)
You have a pair of small horns on your head.
You are weak. (Str -2)


Message History

The pull of its song draws you forwards.
The merfolk avatar chants its luring song.
The drowned soul touches you. The drowned soul drowns you!
* * * LOW HITPOINT WARNING * * *
You block the drowned soul's attack.
The merfolk avatar chants its luring song.
You feel much better. You block the drowned soul's attack.
The drowned soul touches you. The drowned soul drowns you!
The merfolk avatar chants its luring song.
The drowned soul touches you. The drowned soul drowns you!
* * * LOW HITPOINT WARNING * * *
Unknown command.
You are too mesmerised to rage.
The drowned soul touches you. The drowned soul drowns you!
* * * LOW HITPOINT WARNING * * *
The merfolk avatar chants its luring song.
The drowned soul touches you. The drowned soul drowns you!
* * * LOW HITPOINT WARNING * * *
The drowned soul touches you. The drowned soul drowns you!
You die...

####≈≈≈≈####
#8≈≈P≈≈≈≈≈≈≈8 ≈
#≈≈≈≈≈≈≈≈≈≈≈≈#
≈≈#≈≈≈≈≈P≈P≈≈≈≈#
≈≈.≈≈#≈)!)(≈≈≈≈#
#≈≈≈≈?≈W[≈≈≈≈#
#≈≈≈≈(m≈?≈≈≈≈#
#≈≈≈≈@(|)≈≈≈≈#
#≈≈≈≈≈≈≈≈≈≈≈≈#
#≈≈≈≈≈≈≈≈≈≈≈≈#
#8≈≈≈≈≈≈≈≈≈≈.#
#####.†#######
#8≈≈≈≈#≈≈≈≈≈.#
#≈≈≈≈#≈≈≈≈≈≈≈# ≈
#≈≈≈≈≈≈≈≈≈≈≈≈#≈≈##..
≈##≈≈≈#≈≈#≈≈≈..≈≈≈≈≈...


You could see a merfolk avatar and a drowned soul.

Vanquished Creatures
  Rupert (Lair:5)
  An azure jelly (Lair:5)
  Snorg (Lair:3)
  5 hydras
  A catoblepas (Lair:4)
  The ghost of bgiannan the Fighter, a journeyman GrBe of Trog (D:10)
  4 two-headed ogres
  A harpy (Lair:6)
  2 ugly things
  A manticore (Lair:6)
  Joseph (D:9)
  6 elephants
  Psyche (D:8)
  A black mamba (Lair:4)
  A gargoyle (D:10)
  10 spiny frogs
  4 rime drakes (Lair:6)
  A komodo dragon (Lair:3)
  A troll (D:9)
  A wind drake (Lair:6)
  Grinder (D:5)
  A polar bear (Lair:6)
  15 blink frogs
  4 hornets
  11 hippogriffs
  The ghost of ThePrince the Cudgeler, an amateur GrBe of Trog (D:4)
  3 redbacks (Lair:3)
  A spriggan (D:7)
  2 wyverns
  A basilisk (Lair:3)
  2 hungry ghosts
  3 wraiths
  20 yaks
  7 vampire mosquitoes (Lair:2)
  Edmund (D:5)
  12 water moccasins
  7 porcupines
  A hornet zombie (D:9)
  3 orc warriors
  A necrophage (D:9)
  3 sky beasts
  3 phantoms (D:6)
  3 ice beasts
  15 wolves
  A black bear (D:9)
  5 ogres
  2 centaurs
  10 crocodiles
  An elf zombie (D:9)
  Blork the orc (D:4)
  13 bullfrogs
  A gnoll sergeant (D:9)
  A wyvern skeleton (D:10)
  5 scorpions
  13 wights
  5 killer bees (D:8)
  A howler monkey (D:10)
  6 crimson imps
  A bullfrog zombie (D:10)
  3 quasits
  2 human zombies (D:9)
  3 jellies
  7 hounds
  2 centaur skeletons
  Crazy Yiuf (D:5)
  A bullfrog skeleton (D:11)
  An iron imp (D:8)
  A gnoll shaman (D:9)
  3 iguanas
  Natasha (thrice) (D:2 D:4)
  4 hell rats (Lair:4)
  5 orc wizards
  5 worker ants
  A killer bee zombie (D:7)
  A hound skeleton (D:6)
  A mummy (D:9)
  A worker ant zombie (D:11)
  A howler monkey skeleton (D:9)
  12 gnolls
  16 adders
  8 river rats
  A shadow imp (D:10)
  3 oozes
  An adder zombie (D:6)
  5 worms
  3 dart slugs
  4 leopard geckos
  31 orcs
  4 bats
  5 giant cockroaches
  8 goblins
  9 hobgoblins
  5 jackals
  6 kobolds
  8 quokkas
  15 ball pythons
  7 frilled lizards
  A giant cockroach zombie (D:6)
  2 goblin skeletons (D:8)
  3 goblin zombies (D:8)
  A hobgoblin zombie (D:8)
  A kobold skeleton (D:8)
  A kobold zombie (D:8)
  2 orc skeletons
  2 orc zombies
  A quokka skeleton (D:6)
  37 rats
480 creatures vanquished.

Vanquished Creatures (others)
  16 fungi
  17 plants
33 creatures vanquished.

Grand Total: 513 creatures vanquished

Notes
Turn   | Place    | Note
-------+----------+-------------------------------------------
     0 | D:1      | hilaritas the Demigod Fighter began the quest for the Orb.
     0 | D:1      | Reached XP level 1. HP: 18/18 MP: 3/3
   186 | D:1      | Reached skill level 3 in Shields
   186 | D:1      | Reached XP level 2. HP: 24/25 MP: 4/4
   833 | D:1      | Reached XP level 3. HP: 27/30 MP: 5/5
  1683 | D:2      | Noticed Natasha
  1690 | D:2      | Killed Natasha
  1690 | D:2      | Reached XP level 4. HP: 28/37 MP: 6/6
  2965 | D:3      | Reached XP level 5. HP: 37/42 MP: 7/7
  3422 | D:4      | Noticed ThePrince's ghost (amateur GrBe)
  3446 | D:4      | HP: 2/42 [ThePrince's ghost (5)]
  3452 | D:4      | Killed ThePrince's ghost
  3452 | D:4      | Reached skill level 5 in Maces & Flails
  3452 | D:4      | Reached skill level 4 in Shields
  3452 | D:4      | Reached XP level 6. HP: 13/50 MP: 8/8
  3495 | D:4      | Noticed Blork the orc
  3502 | D:4      | Killed Blork the orc
  3931 | D:4      | Noticed Natasha
  3938 | D:4      | Killed Natasha
  4196 | D:4      | Noticed Natasha
  4201 | D:4      | Killed Natasha
  4352 | D:5      | Entered Level 5 of the Dungeon
  4396 | D:5      | Noticed Edmund
  4421 | D:5      | Killed Edmund
  4421 | D:5      | Reached XP level 7. HP: 12/56 MP: 9/9
  4721 | D:5      | Noticed Grinder
  4739 | D:5      | Killed Grinder
  5008 | D:5      | Found a runed door.
  5123 | D:5      | Found an opulent altar of Gozag.
  5528 | D:5      | Noticed Crazy Yiuf
  5539 | D:5      | Killed Crazy Yiuf
  5725 | D:6      | Reached XP level 8. HP: 38/62 MP: 10/10
  5867 | D:6      | Reached skill level 5 in Shields
  5872 | D:6      | Found a glowing drain.
  5883 | Sewer    | Entered a sewer
  6598 | D:6      | Found a staircase to the Ecumenical Temple.
  7044 | D:7      | Reached skill level 10 in Maces & Flails
  7228 | D:7      | Reached skill level 6 in Shields
  7257 | D:7      | Reached XP level 9. HP: 69/69 MP: 11/11
  7421 | D:7      | Found a blossoming altar of Fedhas.
  7432 | D:7      | Found a white marble altar of Elyvilon.
  7670 | D:8      | Found a glowing golden altar of the Shining One.
  7874 | D:8      | Reached skill level 7 in Shields
  7915 | D:8      | Noticed Psyche
  7925 | D:8      | Killed Psyche
  7925 | D:8      | Reached skill level 5 in Fighting
  8001 | D:8      | Found a shattered altar of Ashenzari.
  8489 | D:8      | Noticed an ice statue
  8590 | D:9      | Noticed Joseph
  8602 | D:9      | Killed Joseph
  8623 | D:9      | Found a staircase to the Orcish Mines.
  8678 | D:9      | Noticed a two-headed ogre
  8688 | D:9      | Reached XP level 10. HP: 70/83 MP: 13/13
  8700 | D:9      | Killed a two-headed ogre
  8700 | D:9      | Reached skill level 8 in Shields
  9055 | D:9      | Found Vais's Jewellery Shop.
  9058 | D:9      | Bought an uncursed ring of see invisible for 210 gold pieces
  9379 | D:9      | Bought an uncursed ring of poison resistance for 280 gold pieces
  9564 | D:9      | Reached skill level 5 in Armour
  9703 | D:9      | Found an ancient bone altar of Kikubaaqudgha.
  9829 | D:10     | Entered Level 10 of the Dungeon
 10013 | D:10     | Noticed a two-headed ogre
 10024 | D:10     | Killed a two-headed ogre
 10024 | D:10     | Reached skill level 9 in Shields
 10395 | D:10     | Noticed a two-headed ogre
 10405 | D:10     | Killed a two-headed ogre
 10693 | D:10     | Noticed bgiannan's ghost (journeyman GrBe)
 10723 | D:10     | Noticed a brown ugly thing
 10727 | D:10     | Killed bgiannan's ghost
 10727 | D:10     | Reached XP level 11. HP: 52/94 MP: 0/14
 10736 | D:10     | HP: 4/95 [acid (6)]
 11328 | D:10     | Noticed a two-headed ogre
 11338 | D:10     | Killed a two-headed ogre
 11913 | D:11     | Noticed a five-headed hydra
 11948 | D:10     | Killed a five-headed hydra
 12123 | D:11     | Noticed a seven-headed hydra
 12140 | D:11     | Killed a seven-headed hydra
 12140 | D:11     | Reached skill level 10 in Shields
 12529 | D:11     | Found Owkeuhag's Assorted Antiques.
 12537 | D:11     | Bought a forked bronze wand for 112 gold pieces
 12537 | D:11     | Bought a glowing orange potion for 25 gold pieces
 12537 | D:11     | Bought a sapphire potion for 25 gold pieces
 12547 | D:11     | Noticed a skeletal warrior
 12558 | D:11     | Noticed a death knight
 12668 | D:11     | Found Umnaezeb's Magic Scroll Shoppe.
 12672 | D:11     | Found Teonocs's Gadget Shop.
 12876 | D:11     | Found Xaxab's Jewellery Emporium.
 13065 | D:11     | Found a staircase to the Lair.
 13074 | Lair:1   | Entered Level 1 of the Lair of Beasts
 13525 | Lair:1   | Reached skill level 10 in Fighting
 14590 | Lair:2   | Got a pitted mace
 14599 | Lair:2   | Identified the +5 mace "Codess" {drain, rPois Int+3} (You found it on level 2 of the Lair of Beasts)
 14608 | Lair:2   | Learned a level 2 spell: Blink
 14812 | Lair:2   | Reached XP level 12. HP: 80/106 MP: 13/15
 14814 | Lair:2   | Reached skill level 11 in Shields
 15270 | Lair:2   | Found a staircase to the Swamp.
 15563 | Lair:3   | Found a hole to the Spider Nest.
 15784 | Lair:3   | Noticed Snorg
 15829 | Lair:3   | Killed Snorg
 16169 | Lair:3   | Reached skill level 12 in Shields
 16317 | Lair:3   | Noticed an eight-headed hydra
 16337 | Lair:3   | Killed an eight-headed hydra
 16633 | Lair:3   | Got a polished helmet
 16659 | Lair:3   | Identified the +5 helmet of the Realm of Zot {rElec rN++ Dex-5} (You found it on level 3 of the Lair of Beasts)
 16829 | Lair:3   | Gained mutation: You are weak. (Str -2) [potion of mutation]
 16829 | Lair:3   | Lost mutation: You are weak. (Str -2) [potion of mutation]
 16829 | Lair:3   | Gained mutation: Potions are less effective at restoring your health. [potion of mutation]
 16829 | Lair:3   | Gained mutation: You are partially covered in molten scales. (AC +2) [potion of mutation]
 16830 | Lair:3   | Lost mutation: You are partially covered in molten scales. (AC +2) [potion of mutation]
 16830 | Lair:3   | Lost mutation: Potions are less effective at restoring your health. [potion of mutation]
 16830 | Lair:3   | Gained mutation: You are weak. (Str -2) [potion of mutation]
 16830 | Lair:3   | Gained mutation: You have a pair of small horns on your head. [potion of mutation]
 17591 | Lair:4   | Noticed a catoblepas
 17608 | Lair:4   | Killed a catoblepas
 17992 | Lair:4   | Noticed a four-headed hydra
 18002 | Lair:4   | Killed a four-headed hydra
 18313 | Lair:4   | Reached skill level 13 in Shields
 18460 | Lair:5   | Reached XP level 13. HP: 56/113 MP: 11/16
 18467 | Lair:5   | Reached skill level 10 in Armour
 18701 | Lair:5   | Found a runed door.
 18702 | Lair:5   | Found a viscous altar of Jiyva.
 18702 | Lair:5   | Noticed an azure jelly
 18704 | Lair:5   | Found a staircase to the Slime Pits.
 18745 | Lair:5   | Killed an azure jelly
 19072 | Lair:5   | Noticed Rupert
 19093 | Lair:5   | Killed Rupert
 19093 | Lair:5   | Reached skill level 14 in Shields
 19549 | Lair:6   | Entered Level 6 of the Lair of Beasts
 20146 | Lair:6   | HP: 2/113 [drowned by a drowned soul[a merfolk avatar] (11)]
 20146 | Lair:6   | Drowned by a drowned soul

Skill      XL: |  1  2  3  4  5  6  7  8  9 10 11 12 13 |
---------------+----------------------------------------+-----
Maces & Flails | 2 3 4 5 6 8 10 | 10.0
Shields        | 3 4 6 7 9 10 13 14 | 14.8
Fighting       | 3 6 8 10 | 10.0
Armour         | 4 5 7 9 10 | 10.0

Action                   |  1- 3 |  4- 6 |  7- 9 | 10-12 | 13-15 || total
-------------------------+-------+-------+-------+-------+-------++-------
Melee: Flail             |   113 |   218 |   503 |   573 |       ||  1407
       Mace              |       |       |       |   551 |   246 ||   797
       Headbutt          |       |       |       |    62 |    44 ||   106
Throw: Tomahawk          |       |       |     3 |       |       ||     3
       Javelin           |       |       |     4 |    21 |    10 ||    35
  Use: Scroll            |       |    12 |     1 |     8 |     2 ||    23
       Potion            |       |     4 |       |    12 |     5 ||    21
  Eat: Chunk             |     3 |     8 |    37 |    38 |     6 ||    92
Armor: Scale mail        |    32 |    70 |       |       |       ||   102
       Chain mail        |       |       |    45 |       |       ||    45
       Plate armour      |       |       |   249 |   531 |   102 ||   882
       Skin              |       |       |       |    17 |   139 ||   156
Dodge: Dodged            |    17 |    37 |    56 |   207 |    55 ||   372
Block: Shield            |    48 |    99 |   270 |   789 |   265 ||  1471
